 Dungeon Crawl Stone Soup version 0.16-a0-326-g6f2d4d4 (webtiles) character file.

5459 PolkaDot the Summoner (level 10, -3/63 HPs)
             Began as a Vampire Summoner on Sept 4, 2014.
             Was an Elder of Sif Muna.
             Slain by a wolf spider (19 damage)
             ... on Level 1 of the Lair of Beasts.
             The game lasted 00:59:13 (10534 turns).

PolkaDot the Summoner (Vampire Summoner)           Turns: 10534, Time: 00:59:14

HP  -3/63        AC  8     Str  7      XL: 10   Next: 41%
MP   9/16        EV 10     Int 20      God: Sif Muna [****..]
Gold 485         SH  0     Dex 14      Spells:  4 memorised,  3 levels left

rFire  + . .     SeeInvis +     r - +0 lajatang
rCold  + + .     Clarity  .     d - +0 leather armour
rNeg   + + +     rCorr    .     (no shield)
rPois  +         rRot     +     v - +1 helmet {SInv}
rElec  .         Spirit   .     s - +0 cloak
SustAb .         Warding  .     (no gloves)
rMut   .         Stasis   .     p - +1 pair of boots
Gourm  .                        (no amulet)
MR     +....                    u - ring of protection from fire
                                f - +2 ring of slaying

@: regenerating slowly, somewhat resistant to hostile enchantments, fairly
stealthy
A: bottle blood, fangs 3, see invisible, unbreathing
a: Bat Form, Bottle Blood, Channel Energy, Forget Spell, Renounce Religion


You were on level 1 of the Lair of Beasts.
You worshipped Sif Muna.
Sif Muna was greatly pleased with you.
You were near bloodless.

You visited 3 branches of the dungeon, and saw 11 of its levels.
You also visited: Sewer.

You collected 485 gold pieces.

Inventory:

Hand weapons
 r - a +0 lajatang (weapon)
Armour
 d - a +0 leather armour (worn)
 p - a +1 pair of boots (worn)
 s - a +0 cloak (worn)
 v - a +1 helmet of see invisible (worn)
Magical devices
 j - a wand of frost (13) {unknown}
 m - a wand of flame (14) {unknown}
Scrolls
 g - a scroll of fog
 h - a scroll of holy word {unknown}
 k - 3 scrolls of remove curse
 n - a scroll of noise
 o - a scroll of enchant weapon
 q - 2 scrolls of teleportation
 t - 2 scrolls of recharging
 w - a scroll of identify
 x - a scroll of enchant armour
 z - a scroll of immolation
 B - a scroll of brand weapon {unknown}
Jewellery
 a - a cursed ring of teleportation {unknown}
 f - a +2 ring of slaying (left hand)
 l - an uncursed amulet of stasis
 u - a ring of protection from fire (right hand)
 y - a +3 ring of intelligence {unknown}
Potions
 c - 2 potions of curing
 i - 2 potions of restore abilities
 C - a potion of degeneration {unknown}
Books
 b - a book of Callings

   Spells                             Type                      Level
   *Summon Small Mammal               Summoning                    1
   *Call Imp                          Summoning                    2
   *Call Canine Familiar              Summoning                    3
   Summon Guardian Golem              Hexes/Summoning              4
   Summon Lightning Spire             Summoning/Air                4
   *Summon Ice Beast                  Ice/Summoning                4


   Skills:
 * Level 4.2 Staves
 - Level 2.1 Dodging
 - Level 3.0 Stealth
 - Level 2.0 Spellcasting
 + Level 11.6 Summonings
 + Level 9.5 Ice Magic


You had 3 spell levels left.
You knew the following spells:

 Your Spells              Type           Power        Failure   Level  Hunger
a - Summon Small Mammal   Summ           ####         1%          1    #......
d - Call Canine Familiar  Summ           #####...     1%          3    ###....
i - Summon Ice Beast      Ice/Summ       #####...     1%          4    #####..
s - Call Imp              Summ           #####...     1%          2    ##.....


Dungeon Overview and Level Annotations

Branches:
Dungeon (9/15)             Temple (1/1) D:6            Lair (1/8) D:9
    Orc: D:9-12

Altars:
Ashenzari
Cheibriados
Dithmenos
Elyvilon
Fedhas
Gozag
Kikubaaqudgha
Makhleb
Nemelex Xobeh
Okawaru
Qazlal
Sif Muna
Trog
Vehumet
Xom
Yredelemnul
Zin
The Shining One

Shops:
D:4 (


Innate Abilities, Weirdness & Mutations

You heal slowly.
You can bottle blood from corpses.
You have razor-sharp teeth.
You have supernaturally acute eyesight.
You can survive without breathing.


Message History

A wolf spider comes into view.
You closely miss the adder. The adder bites you but does no damage.
Your wolf bites the adder!
The adder bites you.
* * * LOW HITPOINT WARNING * * *
You closely miss the adder. Your bite misses the adder.
The adder is almost dead.
Your wolf misses the adder.
Your wolf bites the adder but does no damage.
The adder completely misses your wolf.
You slash the adder!
You kill the adder!
The wolf spider hits your wolf! The wolf spider bites your wolf!
Your wolf dies!
Your wolf's corpse disappears in a puff of smoke!
Casting: Summon Ice Beast
Confirm with . or Enter, or press ? or * to list all spells.
Casting: Call Canine Familiar
Confirm with . or Enter, or press ? or * to list all spells.
A chill wind blows around you. The wolf spider hits you!!
You die...

#.# . #.# .. #.# .# #.#
.# #.# .# #.####### .#
####..##.#P######.#
#%#...........##.h#######
.......%..%...%Y@s.......
.##...#.#####%.P.######..
###........##.....#
#####P.#.##........ ####
##.##.#### ####.# P.# #.#
#.#


You could see a wolf spider, a friendly ice beast and a friendly wolf.

Vanquished Creatures
  A centaur skeleton (D:9)
  A hippogriff (D:9)
  A centaur (D:7)
  An ogre (D:9)
  A big kobold (D:8)
  4 giant frogs
  A wight (D:9)
  A goliath beetle (D:7)
  A quasit (D:9)
  2 hounds
  2 giant frog skeletons (D:9)
  A jelly (D:6)
  2 worker ants
  A killer bee zombie (D:9)
  A sky beast zombie (D:7)
  A big kobold skeleton (D:7)
  A gnoll (D:5)
  A green rat (D:4)
  9 adders
  5 giant mites
  A worm (D:2)
  10 giant geckos
  6 oozes (Sewer)
  2 orcs
  12 giant cockroaches
  7 goblins
  7 hobgoblins
  6 jackals
  9 ball pythons
  7 bats
  16 giant newts
  2 jackal skeletons (D:5)
  13 kobolds
  5 quokkas
  8 rats
  3 fungi (D:9)
152 creatures vanquished.

Vanquished Creatures (collateral kills)
  Pikel (D:7)
  A black mamba (Lair:1)
  2 spiny frogs (Lair:1)
  A torpor snail (Lair:1)
  2 komodo dragons (Lair:1)
  A feature mimic (D:9)
  A two-headed ogre (D:9)
  A basilisk (Lair:1)
  2 yaks (Lair:1)
  A hungry ghost (D:8)
  2 hippogriffs
  A wandering mushroom (D:9)
  3 slaves (D:7)
  A phantom (D:9)
  A black bear (D:7)
  A sky beast (D:7)
  2 orc warriors
  A yellow wasp (Lair:1)
  A centaur (D:8)
  4 ogres
  2 crocodiles (Lair:1)
  Sigmund (D:7)
  Duvessa (D:6)
  9 big kobolds (D:8)
  A gnoll sergeant (D:8)
  4 scorpions
  2 giant frogs
  A water moccasin skeleton (D:6)
  2 wights (D:9)
  7 killer bees
  Dowan (D:6)
  3 crimson imps
  2 goliath beetles (D:9)
  An orc priest (D:9)
  2 hounds
  4 orc wizards
  5 worker ants
  3 iguanas
  7 gnolls
  A shadow imp (D:5)
  6 adders
  2 green rats (D:4)
  17 giant mites
  4 worms
  4 giant geckos
  7 oozes (Sewer)
  13 orcs
  A ball python (Sewer)
  7 goblins
  4 hobgoblins
  3 jackals (D:1)
  14 kobolds
  3 bats
  8 giant cockroaches
  5 giant newts
  8 quokkas
  3 rats
  2 ballistomycetes (D:8)
  2 butterflies (D:9)
202 creatures vanquished.

Vanquished Creatures (others)
  11 wolves
  18 ice beasts
  7 crimson imps
  3 iron imps
  8 hounds
  A shadow imp (D:7)
  5 white imps
  2 bats (D:1)
  2 quokkas
  A giant spore (D:8)
  2 bushes (Lair:1)
  4 fungi (Lair:1)
  22 plants (Lair:1)
86 creatures vanquished.

Grand Total: 440 creatures vanquished

Notes
Turn   | Place    | Note
--------------------------------------------------------------
     0 | D:1      | PolkaDot, the Vampire Summoner, began the quest for the Orb.
     0 | D:1      | Reached XP level 1. HP: 13/13 MP: 3/3
   364 | D:1      | Reached XP level 2. HP: 10/19 MP: 4/4
   521 | D:1      | Learned a level 2 spell: Call Imp
   876 | D:1      | Reached skill level 5 in Summonings
   884 | D:1      | Reached XP level 3. HP: 16/24 MP: 3/6
  1634 | D:2      | Learned a level 3 spell: Call Canine Familiar
  1678 | D:3      | Found a shattered altar of Ashenzari.
  1678 | D:3      | Found a bloodstained altar of Trog.
  1678 | D:3      | Found a basalt altar of Yredelemnul.
  1702 | D:3      | Found a shadowy altar of Dithmenos.
  1766 | D:3      | Reached XP level 4. HP: 28/30 MP: 7/7
  1992 | D:3      | Reached skill level 6 in Summonings
  2175 | D:3      | Found a burning altar of Makhleb.
  2481 | D:4      | Found Giux's Weapon Shop.
  2491 | D:4      | Reached XP level 5. HP: 11/35 MP: 0/9
  2556 | D:4      | Found a glowing drain.
  2597 | Sewer    | Entered a sewer
  2926 | Sewer    | Reached skill level 7 in Summonings
  3273 | Sewer    | Reached XP level 6. HP: 36/41 MP: 10/10
  3507 | D:4      | Found an opulent altar of Gozag.
  3549 | D:5      | Entered Level 5 of the Dungeon
  3560 | D:5      | Reached skill level 8 in Summonings
  3859 | D:5      | Reached XP level 7. HP: 16/46 MP: 2/12
  4495 | D:6      | Found a staircase to the Ecumenical Temple.
  4529 | Temple   | Entered the Ecumenical Temple
  4753 | Temple   | Became a worshipper of Sif Muna the Loreminder
  4848 | D:6      | Reached skill level 9 in Summonings
  4876 | D:6      | Noticed Duvessa
  4876 | D:6      | Noticed Dowan
  4895 | D:6      | Killed Duvessa
  4905 | D:6      | Killed Dowan
  5135 | D:6      | Learned a level 4 spell: Summon Ice Beast
  5309 | D:7      | Reached skill level 1 in Ice Magic
  5418 | D:7      | Noticed Sigmund
  5432 | D:7      | Killed Sigmund
  5627 | D:7      | Acquired Sif Muna's first power
  5627 | D:7      | Reached XP level 8. HP: 52/52 MP: 10/13
  5663 | D:7      | Noticed Pikel
  5717 | D:7      | Killed Pikel
  5717 | D:7      | Reached skill level 10 in Summonings
  6214 | D:7      | Acquired Sif Muna's second power
  6214 | D:7      | Reached skill level 5 in Ice Magic
  6695 | D:8      | Found a shadowy altar of Dithmenos.
  6798 | D:8      | Reached XP level 9. HP: 57/57 MP: 2/14
  7977 | D:9      | Reached skill level 11 in Summonings
  8283 | D:9      | Found Klele's Jewellery Shop.
  8296 | D:9      | Klele's Jewellery Shop was a mimic.
  8299 | D:9      | Killed a shop mimic
  8556 | D:9      | Noticed a centaur skeleton
  8564 | D:9      | Killed a centaur skeleton
  8564 | D:9      | Acquired Sif Muna's third power
  8564 | D:9      | Reached skill level 1 in Staves
  8790 | D:9      | Found a staircase to the Lair.
  8915 | D:9      | Reached XP level 10. HP: 33/63 MP: 2/16
  9789 | Lair:1   | Entered Level 1 of the Lair of Beasts
 10357 | Lair:1   | Noticed a black mamba
 10362 | Lair:1   | Killed a black mamba
 10530 | Lair:1   | Noticed a wolf spider
 10534 | Lair:1   | Slain by a wolf spider

Action                   |  1- 3 |  4- 6 |  7- 9 | 10-12 || total
-------------------------+-------+-------+-------+-------++-------
Melee: Dagger            |   183 |   318 |    82 |       ||   583
       Unarmed           |     8 |       |       |       ||     8
       Cutlass           |       |       |   176 |       ||   176
       Staff             |       |       |    46 |       ||    46
       Lajatang          |       |       |    41 |    59 ||   100
 Cast: Summon Small Mamm |    10 |     1 |     4 |       ||    15
       Call Imp          |    12 |    35 |    47 |     1 ||    95
       Call Canine Famil |       |    11 |    26 |     8 ||    45
       Summon Ice Beast  |       |       |    51 |    24 ||    75
Invok: Channel Energy    |       |       |   121 |    39 ||   160
 Abil: Bottle Blood      |       |     5 |    27 |       ||    32
  Use: Potion            |     1 |     8 |    28 |     1 ||    38
       Scroll            |       |     9 |     7 |     2 ||    18
 Stab: Sleeping          |     6 |    11 |     6 |     1 ||    24
       Distracted        |     1 |     5 |     4 |     2 ||    12
  Eat: Corpse            |    16 |    19 |    14 |     8 ||    57
